[Event "Team 45 45 League T41"]
[Site "Internet Chess Club"]
[Date "2009.06.28"]
[Round "9"]
[White "Ianjo"]
[Black "Paulkov"]
[Result "1/2-1/2"]
[WhiteElo "1888"]
[BlackElo "1913"]
[Opening "Benko's opening"]
[ECO "A00"]
[Time "13:00:14"]
[TimeControl "2700+45"]

1. g3 d5 2. Bg2 e5 3. c4 c6 4. cxd5 cxd5 5. Qb3 Nf6 6. Nc3 Nc6 7. Nxd5 Bd6 8.
Nf3 O-O 9. O-O Nxd5 10. Qxd5 Nb4 11. Qe4 Be6 12. d4 f5 13. Qb1 e4 14. Ng5 Bd5
15. Nh3 Rc8 {Game drawn by mutual agreement} 1/2-1/2

[Event "Team 45 45 League T41"]
[Site "Internet Chess Club"]
[Date "2009.06.27"]
[Round "9"]
[White "LuxAeterna"]
[Black "Victorianum"]
[Result "0-1"]
[WhiteElo "1793"]
[BlackElo "1799"]
[Opening "Sicilian: Najdorf"]
[ECO "B90"]
[Time "10:01:45"]
[TimeControl "2700+45"]

1. e4 c5 2. Nf3 d6 3. d4 cxd4 4. Nxd4 Nf6 5. Nc3 a6 6. Bd3 e6 7. Bg5 Be7 8. O-O
Nxe4 9. Bxe7 Nxc3 10. Bxd8 Nxd1 11. Raxd1 Kxd8 12. Nf3 Ke7 13. Rfe1 Nc6 14. Be4
h6 15. Re3 Rd8 16. Bxc6 bxc6 17. Nd4 Kd7 18. Rf3 Rf8 19. Nb3 Kc7 20. Rdd3 e5 21.
Rg3 g5 22. Rd2 Be6 23. Rgd3 Rad8 24. Na5 Kb6 25. b4 d5 26. Nc4+ Kc7 27. Nxe5 f6
28. Nf3 Bf5 29. Re3 Rde8 30. Nd4 Rxe3 31. fxe3 Bd7 32. Rf2 Kb6 33. a4 a5 34.
bxa5+ Kxa5 35. Nb3+ Kb4 36. a5 f5 37. Rf1 c5 38. Ra1 Ra8 39. a6 Ra7 40. Na5 Bb5
41. Nb7 Rxa6 42. Rb1+ Kc4 43. Kf2 Bc6 44. Nd6+ Kc3 45. Nxf5 Kxc2 46. Re1 Ra2 47.
Re2+ Kb3 48. Nxh6 Rxe2+ 49. Kxe2 c4 50. Nf5 Kb2 51. Nd4 Ba4 52. h3 c3 53. g3 c2
54. Nxc2 Bxc2 55. Kd2 Be4 56. h4 g4 57. Kd1 Kc3 58. Ke2 Kc2 59. h5 Bf5 60. e4
dxe4 61. Ke3 Bh7 62. h6 Kc3 63. Kf4 Kd3 64. Kxg4 e3 65. Kf3 Kd2 {White resigns}
0-1

[Event "Team 45 45 League T41"]
[Site "Internet Chess Club"]
[Date "2009.06.27"]
[Round "9"]
[White "allanchs"]
[Black "raimundo"]
[Result "1/2-1/2"]
[WhiteElo "1549"]
[BlackElo "1767"]
[Opening "Scandinavian: Marshall variation"]
[ECO "B01"]
[Time "10:00:06"]
[TimeControl "2700+45"]

1. e4 d5 2. exd5 Nf6 3. d4 Nxd5 4. c4 Nf6 5. Nf3 Bg4 6. Be2 e6 7. O-O c5 8. Be3
cxd4 9. Bxd4 Be7 10. Nbd2 Nc6 11. Bc3 O-O 12. Qc2 Bf5 13. Qc1 Qc7 14. Nh4 Ng4
15. Nhf3 e5 16. h3 Nf6 17. Nh4 Bc8 18. Nhf3 {Game drawn by mutual agreement}
1/2-1/2

[Event "Team 45 45 League T41"]
[Site "Internet Chess Club"]
[Date "2009.06.27"]
[Round "9"]
[White "playwaycool"]
[Black "cityprosecutor"]
[Result "1-0"]
[WhiteElo "2161"]
[BlackElo "1739"]
[Opening "Trompowsky attack (Ruth, Opocenský opening)"]
[ECO "A45"]
[Time "22:15:57"]
[TimeControl "2700+45"]

1. d4 Nf6 2. Bg5 c5 3. Bxf6 exf6 4. d5 f5 5. Nd2 d6 6. c3 g6 7. g3 Bg7 8. Bg2
Nd7 9. a4 b6 10. Nc4 Ne5 11. Nxe5 Bxe5 12. Nf3 Bg7 13. O-O O-O 14. Re1 Ba6 15.
e4 fxe4 16. Rxe4 Re8 17. Rxe8+ Qxe8 18. Bf1 Bb7 19. Qd3 Qd7 20. Re1 Re8 21. Re4
Re7 22. Qe3 Bf6 23. Bb5 Qd8 24. Bc6 Bc8 25. Nd2 Bf5 26. Rxe7 Qxe7 27. Nc4 Kg7
28. Kf1 Qxe3 29. Nxe3 Bd3+ 30. Ke1 Be7 31. Kd2 Ba6 32. b4 cxb4 33. cxb4 Kf6 34.
f4 h5 35. b5 Bc8 36. Be8 Bf8 37. Nc2 Ke7 38. Bc6 Bg7 39. Nb4 Bd4 40. Ba8 Bd7 41.
Nc6+ Bxc6 42. dxc6 Bg1 43. Ke2 Bxh2 44. Kf3 Bg1 45. c7 Kd7 46. Bd5 f6 47. Bf7 g5
48. Bxh5 gxf4 49. gxf4 Bd4 50. Ke4 Kxc7 51. Kxd4 {Black resigns} 1-0

[Event "Team 45 45 League T41"]
[Site "Internet Chess Club"]
[Date "2009.06.27"]
[Round "9"]
[White "kabindra"]
[Black "bobhill"]
[Result "0-1"]
[WhiteElo "1844"]
[BlackElo "2021"]
[Opening "Sicilian: dragon, Yugoslav attack, Rauser variation"]
[ECO "B76"]
[Time "10:01:39"]
[TimeControl "2700+45"]

1. e4 c5 2. Nf3 d6 3. d4 cxd4 4. Nxd4 Nf6 5. Nc3 g6 6. Be3 Bg7 7. f3 Nc6 8. Qd2
O-O 9. O-O-O d5 10. Bh6 Bxh6 11. Qxh6 Nxd4 12. Rxd4 e5 13. Rd1 d4 14. Bc4 Qc7
15. Nd5 Nxd5 16. Bxd5 Bd7 17. h4 Ba4 18. Rd2 Rac8 19. b3 Bc6 20. h5 Bxd5 21.
hxg6 fxg6 22. exd5 Rf7 23. g4 Qc3 24. Kb1 Qxf3 25. g5 Qxd5 26. Rdh2 Rcc7 27.
Qxg6+ Kh8 28. Qh6 d3 29. g6 Rg7 30. Qg5 dxc2+ 31. Kc1 Qd6 32. Rg1 Qa3+ 33. Kd2
c1=Q+ 34. Ke2 {White resigns} 0-1

[Event "Team 45 45 League T41"]
[Site "Internet Chess Club"]
[Date "2009.06.25"]
[Round "9"]
[White "chess9793"]
[Black "werty"]
[Result "1-0"]
[WhiteElo "1883"]
[BlackElo "1552"]
[Opening "French: Steinitz, Boleslavsky variation"]
[ECO "C11"]
[Time "13:00:53"]
[TimeControl "2700+45"]

1. e4 e6 2. d4 d5 3. Nc3 Nf6 4. e5 Nfd7 5. f4 c5 6. Nf3 Nc6 7. Be3 cxd4 8. Nxd4
Nxd4 9. Bxd4 a6 10. Bd3 Bc5 11. Bxc5 Nxc5 12. Qf3 Nxd3+ 13. Qxd3 Qb6 14. O-O-O
Bd7 15. Qg3 O-O 16. f5 f6 17. fxe6 Bxe6 18. exf6 Rxf6 19. Nxd5 Bxd5 20. Rxd5
Raf8 21. Rhd1 Qf2 22. Qb3 Kh8 23. R5d2 Qf4 24. Qxb7 Rd8 25. c3 Rfd6 26. Qf3
Qxd2+ 27. Rxd2 Rxd2 28. c4 R2d3 29. Qe4 R3d4 30. Qe2 a5 31. b3 Rd3 32. Kc2 R3d4
33. Qe1 a4 34. Qe3 axb3+ 35. axb3 h6 36. Kc3 Rd1 37. c5 R1d5 38. b4 Kg8 39. c6
R5d6 40. b5 Ra8 41. Qe7 Rad8 42. Kc4 Rd4+ 43. Kc5 R4d5+ 44. Kb6 Rb8+ 45. Qb7
Rbd8 46. c7 R8d6+ 47. Ka7 {Black resigns} 1-0

[Event "Team 45 45 League T41"]
[Site "Internet Chess Club"]
[Date "2009.06.28"]
[Round "9"]
[White "nardz"]
[Black "AMAV"]
[Result "1-0"]
[WhiteElo "2067"]
[BlackElo "1992"]
[Opening "QGD: 6.Nf3"]
[ECO "D55"]
[Time "21:08:10"]
[TimeControl "2700+45"]

1. d4 Nf6 2. Bg5 e6 3. Nf3 d5 4. e3 Be7 5. c4 O-O 6. Nc3 c6 7. Bd3 Nbd7 8. O-O
dxc4 9. Bxc4 Nd5 10. Bxe7 Qxe7 11. a3 Nxc3 12. bxc3 e5 13. a4 exd4 14. cxd4 c5
15. a5 cxd4 16. Qxd4 Nf6 17. Qb2 Bg4 18. Nd4 Rfc8 19. Rfc1 Rc7 20. Rc2 Kf8 21.
Rac1 Bd7 22. h3 Rac8 23. Nb5 Bxb5 24. Bxb5 Rxc2 25. Rxc2 Rxc2 26. Qxc2 g6 27.
Qc8+ Kg7 28. Qc3 h5 29. Be2 b6 30. a6 Qc5 31. Qb2 Qd6 32. Bf3 Kf8 33. g4 hxg4
34. hxg4 Nd7 35. Qh8+ Ke7 36. Qa8 Qc7 37. Qe4+ Kf8 38. Qd5 Nc5 39. Be2 Qd7 40.
Qe5 Kg8 41. Qb8+ Kh7 42. Qf8 Ne6 43. Qa8 Nc5 44. Qf3 Kg7 45. Bc4 Nd3 46. g5 Kg8
47. Qe4 Nc5 48. Qxg6+ Kf8 49. Qh6+ Ke8 50. Qh8+ Ke7 51. Qf6+ Kf8 52. Qf3 b5 53.
Bd5 Qe7 54. Kf1 Qxg5 55. Qxf7# {Black checkmated} 1-0

[Event "Team 45 45 League T41"]
[Site "Internet Chess Club"]
[Date "2009.06.28"]
[Round "9"]
[White "playwaycool"]
[Black "QueensCounselor"]
[Result "1-0"]
[WhiteElo "2172"]
[BlackElo "2032"]
[Opening "Trompowsky attack (Ruth, Opocenský opening)"]
[ECO "A45"]
[Time "16:00:07"]
[TimeControl "2700+45"]

1. d4 Nf6 2. Bg5 c5 3. Bxf6 gxf6 4. d5 Qb6 5. Qc1 Bg7 6. c3 O-O 7. e3 d6 8. a4
Bf5 9. Na3 Nd7 10. Nc4 Qb3 11. g4 Bg6 12. f4 Be4 13. Nd2 Qxd5 14. Bc4 Bxh1 15.
Bxd5 Bxd5 16. Ne2 Nb6 17. e4 Be6 18. f5 Bd7 19. a5 Nc8 20. Nf4 Bh6 21. Nh5 Bg5
22. Qd1 Bc6 23. Qe2 a6 24. Nf3 Bh6 25. h4 Rd8 26. g5 fxg5 27. hxg5 Bf8 28. O-O-O
Na7 29. Rh1 Nb5 30. Qh2 {Black resigns} 1-0

[Event "Team 45 45 League T41"]
[Site "Internet Chess Club"]
[Date "2009.06.28"]
[Round "9"]
[White "livis"]
[Black "Gregorio"]
[Result "1/2-1/2"]
[WhiteElo "2044"]
[BlackElo "2003"]
[Opening "Giuoco Piano"]
[ECO "C50"]
[Time "10:19:01"]
[TimeControl "2700+45"]

1. e4 e5 2. Nf3 Nc6 3. Bc4 Bc5 4. O-O d6 5. h3 Be6 6. Bxe6 fxe6 7. c3 Qf6 8. d3
h6 9. Be3 Bb6 10. Na3 g5 11. Nh2 O-O-O 12. Nc4 d5 13. exd5 exd5 14. Nxb6+ cxb6
15. d4 e4 16. f3 Qg6 17. fxe4 dxe4 18. Qg4+ Kb8 19. Qf5 Qxf5 20. Rxf5 Nge7 21.
Rf7 Nd5 22. Re1 Na5 23. Bc1 Nc4 24. Ng4 Nd6 25. Ne5 b5 26. a3 Kc8 27. Rf2 Rh7
28. Ng4 Re8 29. Ne5 Rg7 30. g3 a5 31. Kf1 h5 32. Ke2 h4 33. g4 Nc4 34. Nxc4 bxc4
35. Rf5 Rd7 36. Bxg5 b5 37. Ref1 b4 38. axb4 axb4 39. Bd2 bxc3 40. Bxc3 Kb7 41.
Rh5 Ree7 42. Rff5 Kc6 43. Rxh4 Rh7 44. Rhh5 Rxh5 45. gxh5 Kd6 46. Bd2 Rb7 47.
Bc1 Rb3 48. h6 Rxh3 49. Rf2 Ke6 50. Bg5 Rb3 51. Kf1 Rh3 52. Kg2 Rh5 53. Bc1 e3
54. Rf3 e2 55. Bd2 Rxh6 56. Kf2 Rh4 57. Kxe2 Rxd4 58. Rf8 Re4+ 59. Kd1 Kd6 {Game
drawn by mutual agreement} 1/2-1/2

[Event "Team 45 45 League T41"]
[Site "Internet Chess Club"]
[Date "2009.06.28"]
[Round "9"]
[White "b-spot"]
[Black "fileman"]
[Result "1/2-1/2"]
[WhiteElo "1679"]
[BlackElo "1869"]
[Opening "Queen's pawn: Lundin (Kevitz-Mikenas) defense"]
[ECO "A40"]
[Time "15:03:34"]
[TimeControl "2700+45"]

1. d4 Nc6 2. Nf3 d6 3. c4 Bg4 4. Nc3 Nf6 5. Bf4 e6 6. h3 Bh5 7. e3 Be7 8. Be2
O-O 9. O-O a6 10. a4 h6 11. Ne1 Bxe2 12. Qxe2 e5 13. Bg3 exd4 14. exd4 Nxd4 15.
Qd1 c5 16. Nc2 Nxc2 17. Qxc2 Re8 18. Rad1 Qb6 19. Nd5 Nxd5 20. Rxd5 Rad8 21.
Rfd1 Rd7 22. Be5 Rdd8 23. Bc3 Rd7 24. Qf5 Qc6 25. Qg4 Bf8 26. a5 Re6 27. f4 Re4
28. b3 Rd8 29. Be5 Re8 30. Rxd6 Qc8 31. Qxc8 Rxc8 32. Rd7 f6 33. Bd6 Bxd6 34.
R1xd6 Rxf4 35. Rxb7 Re8 36. Rdd7 g5 37. Rg7+ {Game drawn by mutual agreement}
1/2-1/2

[Event "Team 45 45 League T41"]
[Site "Internet Chess Club"]
[Date "2009.06.27"]
[Round "9"]
[White "Ptzz"]
[Black "MRuperez"]
[Result "1/2-1/2"]
[WhiteElo "2085"]
[BlackElo "2218"]
[Opening "QGD: Chigorin defense"]
[ECO "D07"]
[Time "12:00:04"]
[TimeControl "2700+45"]

1. d4 d5 2. c4 Nc6 3. cxd5 Qxd5 4. e3 e5 5. Nc3 Bb4 6. Bd2 Bxc3 7. bxc3 Nf6 8.
Qb3 Qd6 9. Ne2 O-O 10. Ng3 Re8 11. Be2 a6 12. a4 Be6 13. Qa3 Na5 14. Qxd6 cxd6
15. e4 exd4 16. cxd4 Nb3 17. Rb1 Nxd4 18. Rxb7 Nxe2 19. Kxe2 Bd5 20. Rb4 Nxe4
21. Nxe4 Bxe4 22. f3 Bc2+ 23. Kf2 Bd3 24. Re1 Rxe1 25. Bxe1 d5 26. Ke3 Bc4 27.
Kd4 Re8 28. Rb2 f6 29. Bg3 Kf7 30. a5 Kg6 31. Bf2 Kf5 32. Bg3 g5 33. Bf2 h5 34.
Bg3 h4 35. Bc7 Re1 36. g3 g4 37. fxg4+ Kxg4 38. gxh4 f5 39. Rf2 Re4+ 40. Kc3 f4
41. h5 Be2 42. Rxf4+ Rxf4 43. Bxf4 Kxh5 {Game drawn by mutual agreement} 1/2-1/2

[Event "Team 45 45 League T41"]
[Site "Internet Chess Club"]
[Date "2009.06.26"]
[Round "9"]
[White "Morovon23"]
[Black "Zumbi"]
[Result "1-0"]
[WhiteElo "2219"]
[BlackElo "2048"]
[Opening "QGD semi-Slav: Meran variation"]
[ECO "D47"]
[Time "22:17:19"]
[TimeControl "2700+45"]

1. d4 d5 2. c4 e6 3. Nf3 Nf6 4. Nc3 c6 5. e3 Nbd7 6. Bd3 dxc4 7. Bxc4 b5 8. Be2
Bb7 9. O-O Be7 10. e4 b4 11. e5 bxc3 12. exf6 Bxf6 13. bxc3 c5 14. dxc5 O-O 15.
Ba3 Be7 16. Qd4 Qc7 17. Rab1 Bd5 18. c4 Bc6 19. Qe3 Ba4 20. Nd4 Bxc5 21. Nb5
Bxb5 22. Bxc5 Qxc5 23. Qxc5 Nxc5 24. cxb5 Rab8 25. Rfc1 Rfc8 26. Rb2 Na4 27.
Rbc2 Rxc2 28. Rxc2 g6 29. Rc7 Ra8 30. g3 Nb6 31. Bf3 Nd5 32. Bxd5 exd5 33. a4
Rd8 34. Rxa7 d4 35. Kf1 d3 36. Ke1 {Black resigns} 1-0

[Event "Team 45 45 League T41"]
[Site "Internet Chess Club"]
[Date "2009.06.27"]
[Round "9"]
[White "mongmong"]
[Black "quaksterjohny"]
[Result "0-1"]
[WhiteElo "1632"]
[BlackElo "1490"]
[Opening "Queen's pawn game"]
[ECO "D04"]
[Time "16:06:07"]
[TimeControl "2700+45"]

1. d4 d5 2. Nf3 Nf6 3. e3 Bf5 4. c4 e6 5. cxd5 Nxd5 6. Qb3 Nb4 7. Bd2 Nc2+ 8.
Ke2 Nxa1 9. Qxb7 Nd7 10. e4 Bg4 11. h3 Bxf3+ 12. gxf3 Nc2 13. Kd3 Nxd4 14. Kxd4
Nc5+ {White resigns} 0-1

[Event "Team 45 45 League T41"]
[Site "Internet Chess Club"]
[Date "2009.06.30"]
[Round "9"]
[White "imawesome"]
[Black "raimundo"]
[Result "0-1"]
[WhiteElo "1503"]
[BlackElo "1773"]
[Opening "Alekhine's defense: Scandinavian variation"]
[ECO "B02"]
[Time "17:12:47"]
[TimeControl "2700+45"]

1. e4 Nf6 2. Nc3 d5 3. exd5 Nxd5 4. Bc4 Nb6 5. Bb3 Bf5 6. Nf3 e6 7. d3 Bb4 8.
Bd2 O-O 9. O-O Nc6 10. Re1 Na5 11. Ne4 Bxd2 12. Nexd2 Nxb3 13. Nxb3 Rc8 14. Nbd4
Bg6 15. Qe2 c5 16. Nb3 c4 17. Nc1 Na4 18. Rb1 Qb6 19. c3 Nxc3 20. bxc3 Qxb1 21.
Ne5 cxd3 22. Ncxd3 Bxd3 23. Nxd3 Qb5 24. Qc2 Qc4 25. Rc1 Rfd8 26. Ne5 Qd5 27.
Nf3 b5 28. a3 Qd3 29. Qb3 Rxc3 30. Qxc3 Qxc3 31. Rxc3 Rd1+ 32. Ne1 Rxe1# {White
checkmated} 0-1

[Event "Team 45 45 League T41"]
[Site "Internet Chess Club"]
[Date "2009.06.27"]
[Round "9"]
[White "Andressa"]
[Black "Zappy"]
[Result "1/2-1/2"]
[WhiteElo "1497"]
[BlackElo "1597"]
[Opening "Sicilian defense"]
[ECO "B40"]
[Time "18:09:30"]
[TimeControl "2700+45"]

1. e4 c5 2. Nf3 e6 3. Nc3 Nc6 4. Bb5 Nge7 5. Bxc6 Nxc6 6. O-O Be7 7. d4 cxd4 8.
Nxd4 Bf6 9. Nxc6 bxc6 10. Re1 Bxc3 11. bxc3 O-O 12. Bb2 Rb8 13. Rb1 Ba6 14. Qd4
Qc7 15. c4 e5 16. Qxe5 Qxe5 17. Bxe5 Rxb1 18. Rxb1 Re8 19. f3 f6 20. Bd4 Bxc4
21. Rb7 Bxa2 22. Rxa7 Bb1 23. Rxd7 Bxc2 24. Rc7 Ba4 25. Kf2 h6 26. h4 Rd8 27.
Ke3 Re8 28. g4 Rb8 29. g5 Rb3+ 30. Kf4 hxg5+ 31. hxg5 fxg5+ 32. Kg4 Rd3 33.
Rxg7+ Kf8 34. Rd7 Ke8 35. Rd6 Bd1 36. Kxg5 Bxf3 37. Kf6 Bg2 38. Ke5 Rd1 39. Rxc6
Re1 40. Re6+ Kd7 41. Rd6+ Kc8 {Game drawn by mutual agreement} 1/2-1/2

[Event "Team 45 45 League T41"]
[Site "Internet Chess Club"]
[Date "2009.06.29"]
[Round "9"]
[White "whale5970"]
[Black "ElMarginal"]
[Result "1-0"]
[WhiteElo "1533"]
[BlackElo "1491"]
[Opening "Scandinavian (center counter) defense"]
[ECO "B01"]
[Time "16:30:31"]
[TimeControl "2700+45"]

1. e4 d5 2. exd5 Qxd5 3. Nc3 Qd8 4. Nf3 Nf6 5. d3 e6 6. Bf4 Bb4 7. Be2 Nd5 8.
Bd2 Nc6 9. Nxd5 Qxd5 10. Bxb4 Nxb4 11. c3 Nc6 12. d4 b6 13. O-O Bb7 14. Bd3 Ne7
15. Re1 O-O 16. Be4 Qd6 17. Bxb7 Rab8 18. Be4 Nd5 19. Ne5 f6 20. Qh5 f5 21. Bf3
Nf6 22. Qh4 Rbe8 23. Rad1 a5 24. Bc6 Re7 25. Rd3 Nd5 26. Rh3 Nf6 27. Rhe3 Ng4
28. Nxg4 fxg4 29. Be4 g6 30. Bd3 Kg7 31. Bc4 Ref7 32. Rxe6 Qf4 33. Re7 Rxe7 34.
Rxe7+ Rf7 35. Rxf7+ {Black resigns} 1-0

[Event "Team 45 45 League T41"]
[Site "Internet Chess Club"]
[Date "2009.06.28"]
[Round "9"]
[White "RingLord"]
[Black "parrot9"]
[Result "0-1"]
[WhiteElo "1662"]
[BlackElo "1782"]
[Opening "Sicilian: Najdorf, 7...Be7"]
[ECO "B98"]
[Time "14:07:06"]
[TimeControl "2700+45"]

1. e4 c5 2. Nf3 d6 3. d4 cxd4 4. Nxd4 Nf6 5. Nc3 a6 6. Bg5 e6 7. f4 Be7 8. Nf3
Qb6 9. Qd3 Nc6 10. O-O-O O-O 11. Be2 Rd8 12. h3 Qc7 13. g4 b5 14. a3 Bb7 15.
Bxf6 Bxf6 16. g5 Bxc3 17. Qxc3 Rac8 18. Rh2 Qb6 19. h4 Ne5 20. Qd4 Qc6 21. Bxb5
axb5 22. fxe5 Qxe4 23. Qxe4 Bxe4 24. Rf2 Bxf3 25. Rxf3 dxe5 26. Rxd8+ Rxd8 27.
Rc3 f5 28. gxf6 gxf6 29. Rc5 Rd5 30. b4 Kf7 31. h5 Ke7 32. Rc7+ Rd7 33. Rc5 Rb7
34. Kb2 e4 35. Kc3 Rd7 36. Kb3 f5 37. c4 Rd3+ 38. Kc2 bxc4 39. Rxc4 Rxa3 40. b5
e3 41. b6 e2 42. Kd2 Ra2+ 43. Ke1 Rb2 44. Rc7+ Kf6 45. b7 f4 46. Rxh7 f3 47. Rh8
Rb1+ 48. Kf2 e1=Q+ 49. Kxf3 Rb3+ {White resigns} 0-1

[Event "Team 45 45 League T41"]
[Site "Internet Chess Club"]
[Date "2009.06.29"]
[Round "9"]
[White "ElmerHo"]
[Black "dougmo"]
[Result "0-1"]
[WhiteElo "1505"]
[BlackElo "1561"]
[Opening "French: Steinitz, Boleslavsky variation"]
[ECO "C11"]
[Time "17:00:14"]
[TimeControl "2700+45"]

1. e4 e6 2. d4 d5 3. Nc3 Nf6 4. e5 Nfd7 5. f4 c5 6. Nf3 Nc6 7. Be3 cxd4 8. Nxd4
Bc5 9. Qd2 O-O 10. O-O-O a6 11. h4 Nxd4 12. Bxd4 b5 13. Rh3 b4 14. Na4 Bxd4 15.
Qxd4 f6 16. Bd3 fxe5 17. fxe5 Qc7 18. Re1 a5 19. b3 Ba6 20. Nb2 Bxd3 21. Nxd3
Rac8 22. Qb2 Nc5 23. Nxc5 Qxc5 24. Rf3 Rxf3 25. gxf3 Qf2 26. Rd1 Qxf3 27. Qd4
Qc3 28. Qxc3 Rxc3 29. Rd3 Rxd3 30. cxd3 Kf7 31. Kd2 Kg6 32. Ke3 Kh5 33. Kd4 Kxh4
34. Kc5 Kg5 35. Kb5 h5 36. Kxa5 h4 37. Kxb4 h3 {White resigns} 0-1

[Event "Team 45 45 League T41"]
[Site "Internet Chess Club"]
[Date "2009.06.28"]
[Round "9"]
[White "Bookkeeper"]
[Black "allanchs"]
[Result "1-0"]
[WhiteElo "1555"]
[BlackElo "1532"]
[Opening "Ruy Lopez: closed (10...c5)"]
[ECO "C96"]
[Time "11:04:41"]
[TimeControl "2700+45"]

1. e4 e5 2. Nf3 Nc6 3. Bb5 a6 4. Ba4 Nf6 5. O-O Be7 6. Re1 b5 7. Bb3 d6 8. c3
O-O 9. h3 Na5 10. Bc2 c5 11. d3 Nc6 12. Nbd2 Ne8 13. Nf1 f5 14. Ne3 fxe4 15.
dxe4 Nf6 16. a4 Bb7 17. Nf5 Qc7 18. Ng5 Nd8 19. Nxe7+ Qxe7 20. Nf3 Ne6 21. Qe2
c4 22. b3 Nc5 23. bxc4 Ncxe4 24. Bb2 bxc4 25. Qxc4+ Bd5 26. Qb4 Nc5 27. c4 Bb7
28. Nd4 Qf7 29. Nb3 Kh8 30. Nxc5 dxc5 31. Qxc5 Rac8 32. Qe3 Qxc4 33. Bb3 Qc6 34.
f3 e4 35. Rac1 Qd7 36. Rxc8 Qxc8 37. fxe4 Nxe4 38. Qd4 Nf6 39. Re7 Qc6 40. Qf2
h6 41. Re6 Qd7 42. Bxf6 Rxf6 43. Rxf6 gxf6 44. Qxf6+ Qg7 45. Qd8+ {Black
resigns} 1-0

[Event "Team 45 45 League T41"]
[Site "Internet Chess Club"]
[Date "2009.06.28"]
[Round "9"]
[White "Invicta-Knight"]
[Black "werty"]
[Result "1/2-1/2"]
[WhiteElo "1589"]
[BlackElo "1554"]
[Opening "French: advance, Euwe variation"]
[ECO "C02"]
[Time "04:01:07"]
[TimeControl "2700+45"]

1. e4 e6 2. d4 d5 3. e5 c5 4. c3 Nc6 5. Nf3 Bd7 6. Bd3 Qb6 7. O-O cxd4 8. cxd4
Nxd4 9. Nxd4 Qxd4 10. Qe2 Qb6 11. Kh1 a6 12. Nc3 Rc8 13. f4 Bb4 14. Bd2 Be7 15.
a3 Nh6 16. f5 Nxf5 17. Bxf5 exf5 18. Nxd5 Qe6 19. Nxe7 Qxe7 20. Qf3 Rc2 21. Bc3
Bc6 22. Qxf5 Bxg2+ 23. Kg1 Qc5+ 24. Rf2 Qxf2+ 25. Qxf2 Rxf2 26. Kxf2 Bc6 27. Bb4
Kd7 28. Rd1+ Ke6 29. Bd6 Rd8 30. Re1 Rd7 31. Bf8 f6 32. Bd6 fxe5 33. Bxe5 g6 34.
Kg3 Kf5 35. Kh4 Re7 36. Bc3 Rxe1 37. Bxe1 Bf3 38. Kg3 Bd5 39. Bd2 g5 40. h4
gxh4+ 41. Kxh4 Bf3 42. Kg3 Be2 43. Kf2 Bg4 44. Kg3 h5 45. Kh4 Ke4 46. Bc3 Kd5
47. a4 Kc4 {Game drawn by mutual agreement} 1/2-1/2

[Event "Team 45 45 League T41"]
[Site "Internet Chess Club"]
[Date "2009.06.26"]
[Round "9"]
[White "lawth3"]
[Black "CoasterBrake"]
[Result "1-0"]
[WhiteElo "1149"]
[BlackElo "1245"]
[Opening "Caro-Kann: exchange variation"]
[ECO "B13"]
[Time "18:00:23"]
[TimeControl "2700+45"]

1. e4 c6 2. d4 d5 3. exd5 cxd5 4. Bd3 Nf6 5. Bg5 Nc6 6. Bxf6 exf6 7. c3 Bd6 8.
Nf3 Bg4 9. Nbd2 O-O 10. O-O Qb6 11. Qc2 g6 12. Rfe1 Qc7 13. Re2 Bxh2+ 14. Nxh2
Bxe2 15. Bxe2 Rfe8 16. Re1 Re7 17. Ndf3 Rae8 18. Ng4 Qf4 19. Ne3 Rd7 20. Nh2 h5
21. Bf3 Ne7 22. Qa4 Rdd8 23. Nxd5 Nxd5 24. Rxe8+ Rxe8 25. Qxe8+ Kg7 26. Bxd5 Qc7
27. c4 b6 28. a4 a5 29. Nf3 g5 30. Ne1 g4 31. Nc2 h4 32. b4 h3 33. g3 f5 34. Ne3
axb4 35. Nxf5+ Kf6 36. Qe4 Kg5 37. Ne3 Qd7 38. Bc6 Qc8 39. Qd5+ Qf5 40. Nxf5
{Black resigns} 1-0

[Event "Team 45 45 League T41"]
[Site "Internet Chess Club"]
[Date "2009.06.29"]
[Round "9"]
[White "farbror"]
[Black "KingOfHearts"]
[Result "1/2-1/2"]
[WhiteElo "1249"]
[BlackElo "1276"]
[Opening "Vienna gambit"]
[ECO "C29"]
[Time "23:00:16"]
[TimeControl "2700+45"]

1. e4 e5 2. Nc3 Nf6 3. f4 exf4 4. e5 Ng8 5. d4 Bb4 6. Bxf4 Ne7 7. Bd3 Nd5 8. Bd2
Qh4+ 9. g3 Qxd4 10. Nxd5 Bxd2+ 11. Qxd2 Qxd5 12. O-O-O Qxa2 13. Qb4 a5 14. Qf4
a4 15. Bc4 Qa1+ 16. Kd2 Qxb2 17. Bxf7+ Ke7 18. Rf1 h6 19. Nh3 Nc6 20. Qh4+ g5
21. Nxg5 Qd4+ 22. Qxd4 Nxd4 23. Rf4 hxg5 24. Rxd4 Kxf7 25. Rf1+ Ke6 26. Rg4
Rxh2+ 27. Kd3 Rh5 28. Ke4 a3 29. Rf6+ Ke7 30. Kf5 a2 31. Kg6 Ra6 32. Rxa6 bxa6
33. Ra4 Rh3 34. Kxg5 Rxg3+ 35. Kf4 Rg1 36. Rxa2 d6 37. exd6+ cxd6 38. c3 Re1 39.
Ra4 d5 40. Ra5 Kd6 41. Kg5 Re3 42. Ra3 Kc5 43. Kf4 Rd3 44. Ke5 Kc4 45. Ra4+ Kxc3
46. Ra3+ Kd2 47. Rxd3+ Kxd3 48. Kxd5 a5 49. Kc5 Kc3 50. Kb5 Ba6+ 51. Kxa5 {Game
drawn because neither player has mating material} 1/2-1/2

[Event "Team 45 45 League T41"]
[Site "Internet Chess Club"]
[Date "2009.06.29"]
[Round "9"]
[White "The-Capitalist"]
[Black "dornoch"]
[Result "1-0"]
[WhiteElo "1326"]
[BlackElo "1024"]
[Opening "Caro-Kann: Panov-Botvinnik attack, 5...e6"]
[ECO "B14"]
[Time "21:14:58"]
[TimeControl "2700+45"]

1. e4 c6 2. d4 d5 3. exd5 cxd5 4. c4 Nf6 5. Nc3 e6 6. Nf3 Bb4 7. Bd3 Bxc3+ 8.
bxc3 O-O 9. O-O Nc6 10. Qc2 dxc4 11. Bxc4 Ne7 12. Ne5 Ned5 13. Ba3 Re8 14. Bb5
Bd7 15. Nxd7 Nxd7 16. Bd6 a6 17. Bd3 N7f6 18. Be5 g6 19. Bc4 Ng4 20. Rae1 Nxe5
21. Rxe5 Rc8 22. Bxd5 exd5 23. Rfe1 Rxe5 24. Rxe5 Qd7 25. f4 Re8 26. Qe2 Rxe5
27. Qxe5 Qe6 28. Kf2 Qxe5 29. dxe5 Kf8 30. Ke3 Ke7 31. Kd4 Ke6 32. a4 h6 33. a5
f6 34. exf6 Kxf6 35. Kxd5 g5 36. fxg5+ hxg5 37. Kc5 Kf5 38. Kb6 Kf4 39. Kxb7 Ke3
40. Kxa6 Kf2 41. Kb6 Kxg2 42. a6 Kxh2 43. a7 g4 44. a8=Q g3 45. Qb8 {Black
resigns} 1-0

[Event "Team 45 45 League T41"]
[Site "Internet Chess Club"]
[Date "2009.06.30"]
[Round "9"]
[White "peterts"]
[Black "kjs110"]
[Result "1/2-1/2"]
[WhiteElo "971"]
[BlackElo "1119"]
[Opening "Amar (Paris) opening"]
[ECO "A00"]
[Time "16:55:23"]
[TimeControl "2700+45"]

1. Nh3 e5 2. g3 g6 3. Bg2 Bg7 4. e4 Nf6 5. O-O O-O 6. Ng5 c6 7. Nc3 d5 8. exd5
cxd5 9. Re1 Re8 10. d4 e4 11. f3 exf3 12. Rxe8+ Qxe8 13. Bxf3 Nc6 14. Qe2 Qxe2
15. Nxe2 Bf5 16. g4 Bxc2 17. Bf4 Re8 18. Nc3 Nxd4 19. Bd1 Re1+ 20. Kf2 Rxd1 21.
Nxd1 Bxd1 22. Rxd1 Nxg4+ 23. Kg3 Nf6 24. Rxd4 Ne4+ 25. Nxe4 Bxd4 26. Nd6 b6 27.
b3 Bc3 28. Nb5 d4 29. Be5 a6 30. Nxc3 dxc3 31. Bxc3 h5 32. Kh4 Kh7 33. Bd2 b5
34. a3 f6 35. b4 Kg7 36. Kg3 g5 37. Kf3 g4+ 38. Ke4 h4 39. Kd5 g3 40. h3 g2 41.
Be3 f5 42. Ke5 Kg6 43. Kf4 Kf6 44. Kf3 Ke5 45. Kxg2 f4 46. Bb6 Ke4 47. Kf2 f3
48. Bc5 Kf4 49. Bb6 Ke4 50. Bc5 Kf4 51. Be3+ Ke4 52. Bb6 Kf4 53. Bc7+ Ke4 54.
Bb6 Kf4 55. Kf1 Kg3 56. Bf2+ Kxh3 57. Kg1 Kg4 58. Kh2 h3 59. Kg1 Kf4 60. Kh2 Kg4
61. Bg3 f2 62. Bxf2 Kf4 63. Kxh3 Ke4 64. Kg4 Kd3 65. Bc5 Kc3 66. Kf5 Kb3 67. Ke5
Kxa3 68. Kd5 Ka4 69. Kc6 a5 70. bxa5 Kxa5 71. Bb6+ Ka4 72. Kc5 b4 73. Kc4 Ka3
74. Bd4 b3 75. Ba1 b2 76. Bxb2+ {Game drawn because neither player has mating
material} 1/2-1/2